 Dungeon Crawl Stone Soup version 0.30.1-11-g7821555f0a (webtiles) character file.

Game seed: 3590875303283610276

330 cowcol the Chopper (level 6, -2/56 HPs)
             Began as a Minotaur Fighter on Nov 15, 2023.
             Succumbed to a gnoll's poison
             ... on level 3 of the Dungeon on Nov 16, 2023.
             The game lasted 00:07:36 (4130 turns).

cowcol the Chopper (Minotaur Fighter)               Turns: 4130, Time: 00:07:36

Health: -2/56      AC:  8    Str: 22    XL:     6   Next: 26%
Magic:  1/5        EV:  9    Int:  5    God:
Gold:   222        SH:  4    Dex: 10    Spells: 5/5 levels left

rFire   . . .        a - +1 war axe
rCold   . . .        c - +0 buckler
rNeg    . . .        b - +1 scale mail
rPois   .            (helmet restricted)
rElec   .            (no cloak)
rCorr   .            (no gloves)
SInv    .            (no boots)
Will    .....        h - amulet of guardian spirit Stlth
                     (no ring)
HPRegen 0.29/turn    (no ring)
MPRegen 0.09/turn

%: guardian spirit
@: mighty, lethally poisoned (-2 -> -19)
A: horns 2, retaliatory headbutt
a: no special abilities


You were on level 3 of the Dungeon.
You visited 1 branch of the dungeon, and saw 3 of its levels.

You collected 222 gold pieces.

Inventory:

Hand Weapons
 a - a +1 war axe (weapon)
Missiles
 f - 5 boomerangs (quivered)
Armour
 b - a +1 scale mail (worn)
 c - a +0 buckler (worn)
 e - a +0 chain mail
Jewellery
 g - an amulet of reflection
 h - an amulet of guardian spirit (around neck)
Wands
 k - a wand of flame (6)
Scrolls
 j - a scroll of immolation
 m - a scroll of fear
 n - a scroll of poison {unknown}
 p - a scroll of blinking
Potions
 i - a potion of resistance {unknown}
 l - a potion of cancellation {unknown}
 o - a potion of mutation {unknown}


   Skills:
 - Level 5.0 Fighting
 + Level 6.2 Axes
 + Level 5.1 Armour
 - Level 3.7 Shields


You had 5 spell levels left.
You didn't know any spells.
Your spell library contained the following spells:

 Spells                   Type           Power      Damage    Failure   Level
 Apportation              Tloc           0%         N/A       85%         1
 Necrotise                Necr           0%         1d4       85%         1
 Summon Small Mammal      Summ           0%         N/A       85%         1
 Poisonous Vapours        Pois/Air       0%         N/A       94%         2
 Mephitic Cloud           Conj/Pois/Air  0%         N/A       99%         3
 Petrify                  Tmut/Erth      0%         N/A       100%        4
 Freezing Cloud           Conj/Ice/Air   0%         6-21      100%        5
 Metabolic Englaciation   Hex/Ice        0%         N/A       100%        5
 Statue Form              Tmut/Erth      0%         N/A       100%        6


Dungeon Overview and Level Annotations

Branches:
Dungeon (3/15)

Altars:
Cheibriados
Qazlal


Innate Abilities, Weirdness & Mutations

You have a pair of horns on your head.
You reflexively headbutt those who attack you in melee.


Message History

The gnoll burns you. The gnoll barely misses you.
The gnoll hits you with a +1 spear of venom.
You are more poisoned.
There is an open door, spattered with blood here.
Things that are here:
a +0 flail; a gnoll corpse You closely miss the gnoll.
You headbutt the gnoll!
The gnoll is severely wounded.
You slash the gnoll!
You kill the gnoll!
You slash the gnoll!
You feel very sick. The gnoll barely misses you. The gnoll closely misses you.
You closely miss the gnoll.
The gnoll is severely wounded.
You slash the kobold!
You kill the kobold!
You hit the gnoll.
You kill the gnoll!
You feel sick.
The gnoll hits you with a +1 spear of venom.
You are more poisoned.
The hobgoblin barely misses you. The gnoll hits you with a +0 flail.
* * * LOW HITPOINT WARNING * * *
The gnoll hits you with a +1 spear of venom.
* * * LOW HITPOINT WARNING * * *
You are more poisoned.
You slice the gnoll!!
You kill the gnoll!
You hit the gnoll. You slash the hobgoblin!
You kill the hobgoblin!
* * * LOW HITPOINT WARNING * * *
You feel extremely sick. The gnoll hits you with a +0 flail.
* * * LOW HITPOINT WARNING * * *
Training target 5.0 for Fighting reached!
Your Fighting skill increases to level 5!
The hobgoblin attacks as you move away!
The hobgoblin hits you but does no damage.
You die...

##### #####
########$$$# ....##
##......#$$$#
.....###.......#ggg#
......#........##)#
......#.........@.#
......'...........#
......#...........#
......#......))##)##
.....###.......#.).#
....## ##.....)#...#
##### ########...#
#####


You could see a gnoll and a hobgoblin.

Vanquished Creatures
  2 orc priests (D:3)
  Crazy Yiuf (D:2)
  An orc wizard (D:3)
  6 gnolls (D:3)
  An adder (D:3)
  A worm (D:2)
  3 dart slugs
  6 orcs (D:3)
  9 endoplasms
  A giant cockroach (D:2)
  41 goblins
  25 hobgoblins
  4 quokkas
  6 ball pythons
  4 bats
  2 frilled lizards (D:1)
  2 kobolds
  4 rats
119 creatures vanquished.

Notes
Turn   | Place    | Note
-------+----------+-------------------------------------------
     0 | D:1      | cowcol the Minotaur Fighter began the quest for the Orb.
     0 | D:1      | Reached XP level 1. HP: 19/19 MP: 0/0
   153 | D:1      | Reached XP level 2. HP: 27/27 MP: 1/1
  1216 | D:2      | Reached skill level 3 in Axes
  1216 | D:2      | Reached XP level 3. HP: 33/33 MP: 2/2
  1241 | D:2      | Found a snail-covered altar of Cheibriados.
  1572 | D:2      | Found a runed translucent door.
  1573 | D:2      | Noticed Crazy Yiuf
  1658 | D:2      | Killed Crazy Yiuf
  1659 | D:2      | Reached XP level 4. HP: 41/41 MP: 3/3
  1816 | D:3      | Found a stormy altar of Qazlal.
  1834 | D:3      | Reached skill level 4 in Axes
  2318 | D:3      | Reached XP level 5. HP: 47/47 MP: 4/4
  2594 | D:3      | Reached skill level 5 in Axes
  3248 | D:3      | Reached skill level 5 in Armour
  3742 | D:3      | Reached XP level 6. HP: 48/55 MP: 3/5
  3938 | D:3      | Reached skill level 6 in Axes
  4129 | D:3      | HP: 2/55 [gnoll/+0 flail (3)]
  4130 | D:3      | Reached skill level 5 in Fighting
  4130 | D:3      | Succumbed to a gnoll's poison

Illustrated notes

Levels and vault maps discovered:
D:1:      dpeg_arrival_round_b, layout_basic, nicolae_titane
D:2:      layout_loops_ring, basic_altar, st_stairs_10,
          hangedman_abyss_or_decor_lesser_grid, uniq_crazy_yiuf_cottage
D:3:      minmay_goblin_kobold_castle, layout_basic, grunt_qazlal_clouds,
          kennysheep_donut, grunt_decor_clamped

Skill      XL: |  1  2  3  4  5  6 |
---------------+-------------------+-----
Armour         | 4 5 |  5.1
Fighting       | 4 5 |  5.0
Axes           | 3 4 5 6 |  6.2
Shields        | |  3.7

Action                     |  1- 3 |  4- 6 || total
---------------------------+-------+-------++-------
  Melee: War axe           |    62 |   110 ||   172
         Headbutt          |    14 |    17 ||    31
    Use: Scroll            |     5 |     4 ||     9
         Potion            |     1 |     2 ||     3
 Armour: Scale mail        |    32 |    72 ||   104
  Dodge: Dodged            |    21 |    66 ||    87
  Block: Buckler           |     6 |    47 ||    53
